 Dungeon Crawl Stone Soup version 0.32-a0-886-g41c5271027 (webtiles) character file.

Game seed: 14717741582736368382

1184 Biggs the Skirmisher (level 8, -1/56 HPs)
             Began as a Coglin Hunter on Apr 2, 2024.
             Was an Initiate of Okawaru.
             Killed from afar by an electric eel (5 damage)
             ... with a bolt of electricity
             ... on level 6 of the Dungeon.
             The game lasted 00:07:26 (4603 turns).

Biggs the Skirmisher (Coglin Hunter)                Turns: 4603, Time: 00:07:27

Health: -1/56      AC:  6    Str: 12    XL:     8   Next: 42%
Magic:  8/8        EV: 12    Int:  8    God:    Okawaru [......]
Gold:   163        SH:  0    Dex: 20    Spells: 7/7 levels left

rFire   . . .        a - +2 sling {Illuratum}
rCold   . . .        d - +0 sling {Citlalmina}
rNeg    . . .        c - +0 leather armour
rPois   .            l - +0 helmet
rElec   .            h - +0 cloak
rCorr   .            (no gloves)
SInv    .            u - +0 pair of boots
Will    .....        (amulet unavailable)
Stlth   +            (ring unavailable)
HPRegen 0.29/turn    (ring unavailable)
MPRegen 0.11/turn    (no gizmo)

%: no passive effects
@: revving, very slow
A: off-hand wielding, slow wielding, warmup strikes, no jewellery
a: Invent Gizmo, Renounce Religion


You were on level 6 of the Dungeon.
You worshipped Okawaru.
Okawaru was noncommittal.
You visited 1 branch of the dungeon, and saw 6 of its levels.
You also visited: Sewer.

You collected 187 gold pieces.
You spent 24 gold pieces at shops.

Inventory:

Hand Weapons
 a - a +2 sling (weapon) {Illuratum}
 d - a +0 sling (offhand) {Citlalmina}
Armour
 c - a +0 leather armour (worn)
 h - a +0 cloak (worn)
 l - a +0 helmet (worn)
 u - a +0 pair of boots (worn)
Wands
 B - a wand of digging (7)
Scrolls
 b - a scroll of butterflies
 i - a scroll of fog
 j - a scroll of noise
 m - 2 scrolls of torment
 o - 2 scrolls of teleportation
 p - 2 scrolls of immolation {unknown}
 t - a scroll of enchant weapon {unknown}
 w - a scroll of poison {unknown}
 x - 3 scrolls of blinking {unknown}
 y - 2 scrolls of enchant armour {unknown}
 A - a scroll of revelation {unknown}
Potions
 e - 2 potions of heal wounds
 f - 2 potions of curing {unknown}
 g - 2 potions of lignification {unknown}
 k - 3 potions of might {unknown}
 n - 3 potions of attraction {unknown}
 q - 2 potions of degeneration {unknown}
 r - a potion of magic {unknown}
 s - 2 potions of enlightenment {unknown}
 v - a potion of brilliance {unknown}
 z - a potion of mutation {unknown}


   Skills:
 - Level 2.0 Fighting
 - Level 9.3 Ranged Weapons
 + Level 3.1 Dodging
 - Level 0.7 Stealth


You had 7 spell levels left.
You didn't know any spells.
Your spell library contained the following spells:

 Spells                   Type           Power      Damage    Failure   Level
 Sandblast                Erth           0%         2d4       50%         1
 Scorch                   Fire           0%         2d5       63%         2
 Sigil of Binding         Hex            0%         N/A       86%         3
 Stone Arrow              Conj/Erth      0%         3d7       86%         3
 Brom's Barrelling Bould  Conj/Erth      0%         2d3       99%         4
 Dimensional Bullseye     Hex/Tloc       0%         N/A       99%         4
 Flame Wave               Conj/Fire      0%         2d4       99%         4
 Call Canine Familiar     Summ           Unusable   N/A       N/A         3
 Summon Ice Beast         Ice/Summ       Unusable   N/A       N/A         3
 Summon Mana Viper        Hex/Summ       Unusable   N/A       N/A         5
 Summon Cactus Giant      Summ           Unusable   N/A       N/A         6
 Monstrous Menagerie      Summ           Unusable   N/A       N/A         7

Dungeon Overview and Level Annotations

Branches:
Dungeon (6/15)             Temple (0/1) D:6           Sewer (visited)

Altars:
Okawaru
Ru
Trog
Wu Jian
Xom

Shops:
D:1 [   D:2 *


Innate Abilities, Weirdness & Mutations

You can wield a second weapon in your off-hand.
It takes a long time for you to wield or remove held weapons.
Your first few attacks do less damage.
You cannot equip rings or amulets.


Message History

The sling bullet hits the plant.
The plant is lightly damaged.
You shoot a sling bullet. The sling bullet hits the electric eel!
The electric eel is severely wounded.
The electric eel shoots out a bolt of lightning at you!
The bolt of electricity hits you! x2
The bolt of electricity hits the electric eel.
The electric eel completely resists.
You shoot a sling bullet.
The sling bullet hits the electric eel but does no damage.
The electric eel is severely wounded.
You shoot a sling bullet. The sling bullet hits the electric eel.
The electric eel is almost dead.
The electric eel shoots out a bolt of lightning at you!
The bolt of electricity hits you! x2
* * * LOW HITPOINT WARNING * * *
The bolt of electricity hits the electric eel.
The electric eel completely resists.
You are too injured to fight recklessly!
Unknown command.
You are too injured to fight recklessly!
You are too injured to fight recklessly!
Unknown command.
Fire: a) +2 sling {Illuratum}
Press: ? - help, Q - select action Shift-Dir - straight line, f/p - electric eel
Aim: an electric eel (almost dead, 52% to hit)
You shoot a sling bullet.
The sling bullet closely misses the electric eel.
The sling bullet hits the plant.
The plant is lightly damaged.
You shoot a sling bullet.
The sling bullet closely misses the electric eel.
The sling bullet hits the plant but does no damage.
The plant is lightly damaged.
A nearby plant withers and dies.
The electric eel shoots out a bolt of lightning at you!
The bolt of electricity hits you!
* * * LOW HITPOINT WARNING * * *
The bolt of electricity hits you.
You die...

####..####.###
.#.
###.#####.###
PPP.###
#............
♣~~.P~~##
#.#######.###
P♣~~~P~P## #.#
#.....
..P~♣~~~P# #.#
#..###
#P.PPPP~~# #.#
#..#


#PPPPSP# #.# #... #PP@.###.######.## ##..............# ################ You
could see an electric eel.

Vanquished Creatures
  3 black bears (D:5)
  An ogre (D:5)
  A phantom (D:5)
  2 bullfrogs (Sewer)
  3 scorpions
  3 bombardier beetles
  A hound (D:5)
  A jelly (D:5)
  5 gnolls
  6 adders
  4 river rats (Sewer)
  A shadow imp (D:6)
  4 dart slugs
  A ribbon worm (D:3)
  3 orcs
  5 endoplasms
  9 giant cockroaches
  7 goblins
  11 hobgoblins
  12 jackals
  7 kobolds
  6 quokkas
  21 ball pythons
  8 bats
  9 frilled lizards
  24 rats
158 creatures vanquished.

Notes
Turn   | Place    | Note
-------+----------+-------------------------------------------
     0 | D:1      | Biggs the Coglin Hunter began the quest for the Orb.
     0 | D:1      | Reached XP level 1. HP: 16/16 MP: 1/1
    56 | D:1      | Found Yqie's Antique Armour Emporium.
   182 | D:1      | Reached skill level 4 in Ranged Weapons
   182 | D:1      | Reached XP level 2. HP: 22/22 MP: 2/2
   347 | D:1      | Found a faded altar of an unknown god.
   377 | D:1      | Reached XP level 3. HP: 23/27 MP: 3/3
   565 | D:2      | Found a shimmering altar of Xom.
   750 | D:2      | Reached skill level 5 in Ranged Weapons
   750 | D:2      | Reached XP level 4. HP: 29/33 MP: 4/4
   872 | D:2      | Found Nanapp Suba's General Store.
   877 | D:2      | Bought a scroll of identify for 24 gold pieces
  1523 | D:3      | Reached XP level 5. HP: 38/38 MP: 5/5
  2076 | D:3      | Reached skill level 6 in Ranged Weapons
  2352 | D:4      | Found an ornate altar of the Wu Jian Council.
  2718 | D:4      | Found a glowing drain.
  2731 | Sewer    | Entered a sewer
  2813 | Sewer    | Reached XP level 6. HP: 35/44 MP: 6/6
  2983 | Sewer    | Reached skill level 7 in Ranged Weapons
  2984 | Sewer    | HP: 2/44 [ball python (3)]
  3154 | D:4      | Reached XP level 7. HP: 33/50 MP: 7/7
  3607 | D:5      | Entered Level 5 of the Dungeon
  3868 | D:5      | Reached skill level 8 in Ranged Weapons
  3914 | D:5      | Found a bloodstained altar of Trog.
  3935 | D:5      | Reached XP level 8. HP: 13/56 MP: 8/8
  4141 | D:5      | Found a sacrificial altar of Ru.
  4153 | D:5      | Reached skill level 9 in Ranged Weapons
  4232 | D:5      | Found an iron altar of Okawaru.
  4428 | D:5      | Became a worshipper of Warmaster Okawaru
  4570 | D:6      | Found a staircase to the Ecumenical Temple.
  4603 | D:6      | Killed from afar by an electric eel

Illustrated notes

Levels and vault maps discovered:
D:1:      minmay_arrival_shoal_huts, layout_basic, serial_shops,
          nicolae_shop_real_fake_doors, shapermc_ecumenical_altar_petra
D:2:      minmay_recursive_quarters, layout_loops_ring, serial_shops,
          nicolae_shop_hallway_plus, basic_altar, minmay_unequal
D:3:      layout_basic
D:4:      layout_basic, mainiacjoe_overflow_alcove_1, gup_sewer_entry_pipe,
          kennysheep_donut, roderic_serpentine_path, grunt_decor_junction,
          minivault_26
D:5:      layout_rooms, hangedman_ru_absence, trog_ov_bears_minmay,
          kennysheep_mini
D:6:      layout_basic, temple_pool_b, serial_bayou_lagoon_a, solitary_fountain

Skill      XL: |  1  2  3  4  5  6  7  8 |
---------------+-------------------------+-----
Ranged Weapons | 4 5 6 7 8 9 |  9.3
Dodging        | 3 |  3.1
Fighting       | |  2.0
Stealth        | |  0.7

Action                     |  1- 3 |  4- 6 |  7- 9 || total
---------------------------+-------+-------+-------++-------
   Fire: Sling             |   144 |   402 |   168 ||   714
    Use: Scroll            |       |     3 |     1 ||     4
         Potion            |       |     2 |       ||     2
 Armour: Leather armour    |    11 |   104 |    26 ||   141
  Dodge: Dodged            |    16 |    43 |    22 ||    81

Table legend: (Time is in decaauts)
 A = Elapsed time spent in this place.
 B = Non-inter-level travel time spent in this place.
 C = Inter-level travel time spent in this place.
 D = Time resting spent in this place.
 E = Time spent auto-exploring this place.
 F = Levels seen in this place.
 G = Mean time per level.
                   A        B        C        D        E       F      G
               +--------+--------+--------+--------+--------+-----+--------+
         Total |   4695 |   4587 |    108 |      0 |   3866 |   7 |  670.7 |
       Dungeon |   4253 |   4145 |    108 |      0 |   3533 |   6 |  708.8 |
         Sewer |    442 |    442 |      0 |      0 |    333 |   1 |  442.0 |
               +--------+--------+--------+--------+--------+-----+--------+

Top non-repeatable levels by time:
     D:2: 968 daAuts
     D:4: 926 daAuts
     D:5: 852 daAuts
     D:3: 786 daAuts
     D:1: 574 daAuts
   Sewer: 442 daAuts
     D:6: 144 daAuts
